 Dungeon Sprint DCSS version 0.21.0-25-ge575cb9 (webtiles) character file.

35900000 doot the Intangible (level 27, -346/249 HPs)
             Began as a Formicid Gladiator on Jan 22, 2018.
             Was the Champion of Makhleb.
             Annihilated by a fleshlord
             ... wielding a +9 great mace
              (410 damage)
             ... in the Dungeon (Sprint VIII: "Arena of Blood").
             The game lasted 00:12:49 (359 turns).

doot the Intangible (Formicid Gladiator)             Turns: 359, Time: 00:12:50

Health: -346/249   AC:  6    Str: 21    XL:     27
Magic:  54/54      EV: 35    Int: 10    God:    Makhleb [******]
Gold:   0          SH:  0    Dex: 21    Spells: 80/80 levels left

rFire    . . .     SeeInvis +   j - +โˆž Axe of Woe
rCold    . . .     Gourm    .   (no shield)
rNeg     . . .     Faith    .   a - +0 leather armour
rPois    .         Spirit   .   (helmet unavailable)
rElec    .         Reflect  .   (no cloak)
rCorr    .         Harm     .   (no gloves)
MR       ++...                  (no boots)
Stlth    +++++++++.             (no amulet)
HPRegen  0.51/turn              (no ring)
MPRegen  0.34/turn              (no ring)

@: no status effects
A: permanent stasis, dig shafts and tunnels, four strong arms, antennae 3
a: Dig, Minor Destruction, Lesser Servant of Makhleb, Major Destruction, Greater
Servant of Makhleb, Renounce Religion


You were in the Dungeon.
You worshipped Makhleb.
Makhleb was exalted by your worship.
You were not hungry.

You visited 1 branch

Inventory:

Hand Weapons
 j - the +โˆž Axe of Woe (weapon)
   (You found it in the Dungeon)
 l - a +9 battleaxe
Missiles
 b - 3 throwing nets (quivered)
Armour
 a - a +0 leather armour (worn)
Jewellery
 k - a +30 ring of slaying
Scrolls
 i - a scroll of blinking
Potions
 f - a potion of haste
 g - 2 potions of magic
 h - a potion of berserk rage
Comestibles
 c - a ration


   Skills:
 O Level 27 Fighting
 O Level 27 Axes
 O Level 27 Throwing
 O Level 27 Armour
 O Level 27 Dodging
 O Level 27 Stealth
 O Level 27 Unarmed Combat
 O Level 27 Spellcasting
 O Level 27 Invocations


You had 80 spell levels left.
You didn't know any spells.

Dungeon Overview and Level Annotations

Branches:
Dungeon (1/1)

Altars:
Makhleb


Innate Abilities, Weirdness & Mutations

You cannot be hasted, slowed, berserked, paralysed or teleported.
You can dig through walls and to a lower floor.
Your four strong arms can wield two-handed weapons with a shield.
You have a pair of large antennae on your head. (SInv)


Message History

The meat berserker convulses!
The bag of meat convulses!
The scourge convulses!
The fleshlord convulses!
The bag of meat convulses! x2
Your body is wracked with pain!
The eight-headed meat hydra calls on the powers of darkness!
The eight-headed meat hydra convulses!
The bag of meat convulses!
The fleshlord convulses!
The scourge convulses!
The meat berserker convulses! x2
The bag of meat convulses!
The fleshlord convulses!
The bag of meat convulses! x2
The fleshlord convulses! x2; The meat berserker convulses!
The fleshlord convulses! x2; The bag of meat convulses!
The meat berserker convulses!
The bag of meat convulses!
The meat berserker convulses!
The scourge convulses!
The observer convulses!
The large bag of meat convulses!
The bag of meat convulses!
The fleshlord convulses! x2; The observer convulses!
The fleshlord convulses!
Your body is wracked with pain!
* * * LOW HITPOINT WARNING * * *
The fleshlord casts a spell at you.
Your stasis prevents you from being slowed.
The fleshlord hits you with a +9 great mace!!!!!!
Ouch! That really hurt!
You die...

.# .## ####.## #.....##
#.......## #.#.#.))..##
#.....)))).##
#######....))).)).##
##.......{{.o{#@)...#
##)###.##.#.GpW2p.L...#
#)###......9oGOLpM..D..#
##ยง........o.o2OO..OS.9.#
......{o.M#XL.OL###ppD...
.......S.oopXzVW.{{pp9o..
.)####..DoM99OW.{{{{WOpM.


{){{{{G.oVWWpDo9V S9oo {{{{){.....oOo.#.. You could see 4 accurseds, a tentacled
monstrosity, 2 meat beasts, 4 tyrants, 3 eight-headed meat hydras, 2 destroyers,
2 observers, 2 scourges, 10 fleshlords, a sculptor of flesh, a large bag of meat
(inner flame), a large abomination, 2 wretched souls, 4 dreads, 7 viles, 6 meat
berserkers and 10 bags of meat.

Vanquished Creatures
  8 molten gargoyles (D)
  9 hell knights (D)
  Sigmund (D)
  8 hell beasts (D)
  5 great orbs of eyes (D)
  A wraith (D)
  4 vampire knights (D)
  29 ogres (D)
  A two-headed ogre (D)
  A lich (D)
  A hydra (D)
  36 orcs (D)
  6 phantoms (D)
  4 sea snakes (D)
114 creatures vanquished.

Notes
Turn   | Place    | Note
-------+----------+-------------------------------------------
     0 | D        | Found the +โˆž Axe of Woe
     0 | D        | doot the Formicid Gladiator began the quest for the Orb.
     0 | D        | Reached XP level 1. HP: 16/16 MP: 1/1
     3 | D        | Noticed a bag of meat
     4 | D        | Became a worshipper of Makhleb the Destroyer
     5 | D        | Noticed a bag of meat
     6 | D        | Noticed a bag of meat
     7 | D        | Noticed a bag of meat
     7 | D        | Noticed a bag of meat
     8 | D        | Noticed a bag of meat
     8 | D        | Noticed a bag of meat
     9 | D        | Noticed a bag of meat
     9 | D        | Killed a bag of meat
     9 | D        | Reached XP level 2. HP: 37/37 MP: 2/2
     9 | D        | Reached XP level 3. HP: 43/43 MP: 3/3
     9 | D        | Reached XP level 4. HP: 50/50 MP: 4/4
     9 | D        | Reached XP level 5. HP: 56/56 MP: 5/5
     9 | D        | Reached XP level 6. HP: 62/62 MP: 6/6
     9 | D        | Reached XP level 7. HP: 68/68 MP: 7/7
     9 | D        | Reached XP level 8. HP: 75/75 MP: 8/8
     9 | D        | Reached XP level 9. HP: 81/81 MP: 9/9
     9 | D        | Reached XP level 10. HP: 88/88 MP: 10/10
     9 | D        | Reached XP level 11. HP: 93/93 MP: 11/11
     9 | D        | Reached XP level 12. HP: 100/100 MP: 12/12
    10 | D        | Noticed a bag of meat
    10 | D        | Killed a bag of meat
    10 | D        | Reached * piety under Makhleb
    10 | D        | Reached skill level 1 in Armour
    10 | D        | Reached XP level 13. HP: 89/113 MP: 13/13
    11 | D        | Noticed a bag of meat
    11 | D        | Noticed a meat berserker
    11 | D        | Noticed a meat berserker
    11 | D        | Killed a bag of meat
    11 | D        | Reached skill level 15 in Fighting
    11 | D        | Reached XP level 14. HP: 99/124 MP: 14/14
    11 | D        | Killed a bag of meat
    11 | D        | Reached skill level 10 in Axes
    11 | D        | Reached XP level 15. HP: 107/134 MP: 15/15
    11 | D        | Reached ** piety under Makhleb
    12 | D        | Noticed a meat berserker
    12 | D        | Noticed a large bag of meat
    14 | D        | Killed a meat berserker
    14 | D        | Reached skill level 27 in Dodging
    14 | D        | Reached XP level 16. HP: 150/150 MP: 16/16
    14 | D        | Killed a meat berserker
    14 | D        | Reached XP level 17. HP: 165/165 MP: 17/17
    14 | D        | Reached *** piety under Makhleb
    15 | D        | Noticed a meat berserker
    16 | D        | Noticed a meat berserker
    16 | D        | Noticed a meat berserker
    16 | D        | Killed a large bag of meat
    16 | D        | Reached skill level 27 in Fighting
    16 | D        | Reached XP level 18. HP: 146/182 MP: 18/18
    16 | D        | Reached **** piety under Makhleb
    16 | D        | Reached skill level 27 in Axes
    16 | D        | Reached XP level 19. HP: 189/189 MP: 19/19
    17 | D        | Noticed a destroyer
    18 | D        | Noticed a meat berserker
    18 | D        | Reached skill level 27 in Armour
    18 | D        | Killed a meat berserker
    18 | D        | Reached ***** piety under Makhleb
    18 | D        | Reached XP level 20. HP: 197/197 MP: 19/33
    18 | D        | Reached skill level 27 in Stealth
    20 | D        | Noticed a destroyer
    20 | D        | Noticed a meat berserker
    21 | D        | Noticed a meat berserker
    21 | D        | Reached skill level 27 in Invocations
    21 | D        | Reached skill level 10 in Throwing
    21 | D        | Reached XP level 21. HP: 172/204 MP: 19/38
    21 | D        | Killed a meat berserker
    21 | D        | Reached skill level 15 in Throwing
    22 | D        | Noticed a meat berserker
    22 | D        | Noticed a meat berserker
    22 | D        | Noticed a meat berserker
    23 | D        | Noticed a destroyer
    23 | D        | Noticed a meat berserker
    24 | D        | Noticed a destroyer
    25 | D        | Noticed a meat berserker
    25 | D        | Killed a meat berserker
    25 | D        | Reached skill level 27 in Unarmed Combat
    25 | D        | Reached XP level 22. HP: 149/212 MP: 20/39
    25 | D        | Killed a meat berserker
    25 | D        | Reached ****** piety under Makhleb
    25 | D        | Reached skill level 27 in Throwing
    25 | D        | Killed a meat berserker
    25 | D        | Killed a destroyer
    25 | D        | Reached skill level 27 in Spellcasting
    25 | D        | Reached XP level 23. HP: 219/219 MP: 20/54
    27 | D        | Reached XP level 24. HP: 227/227 MP: 21/54
    36 | D        | Reached XP level 25. HP: 197/234 MP: 24/54
    57 | D        | Noticed a tyrant
    59 | D        | Noticed a destroyer
    59 | D        | Killed a tyrant
    60 | D        | Killed a destroyer
    60 | D        | Reached XP level 26. HP: 242/242 MP: 32/54
    85 | D        | Noticed a tyrant
    85 | D        | Noticed a destroyer
    85 | D        | Noticed a tyrant
   120 | D        | Noticed a fleshlord
   163 | D        | Reached XP level 27. HP: 243/249 MP: 54/54
   187 | D        | Noticed a tyrant
   201 | D        | Noticed a meat beast
   201 | D        | Noticed a meat beast
   203 | D        | Noticed a meat beast
   203 | D        | Noticed a fleshlord
   204 | D        | Noticed a tyrant
   246 | D        | Noticed The Captor
   246 | D        | Noticed a fleshlord
   249 | D        | Killed a fleshlord
   252 | D        | Killed a fleshlord
   275 | D        | Noticed a destroyer
   275 | D        | Noticed a destroyer
   275 | D        | Noticed a meat beast
   276 | D        | Noticed a meat beast
   292 | D        | Noticed a fleshlord
   292 | D        | Noticed a fleshlord
   293 | D        | Noticed a fleshlord
   321 | D        | Noticed a vile
   321 | D        | Killed a vile
   322 | D        | Noticed a fleshlord
   322 | D        | Noticed a dread
   322 | D        | Noticed a vile
   322 | D        | Noticed a large bag of meat
   322 | D        | Noticed a fleshlord
   325 | D        | Noticed a vile
   325 | D        | Noticed a vile
   326 | D        | Noticed a destroyer
   326 | D        | Killed The Captor
   327 | D        | Killed a vile
   327 | D        | Killed a meat beast
   330 | D        | Noticed a tyrant
   331 | D        | Noticed a fleshlord
   332 | D        | Noticed an accursed
   333 | D        | Noticed a large bag of meat
   333 | D        | Noticed a meat beast
   333 | D        | Noticed a fleshlord
   333 | D        | Noticed a fleshlord
   334 | D        | Noticed a meat beast
   334 | D        | Noticed a meat beast
   334 | D        | Noticed a fleshlord
   334 | D        | Noticed a vile
   334 | D        | Noticed a vile
   335 | D        | Killed a vile
   337 | D        | Killed a vile
   337 | D        | Killed a fleshlord
   337 | D        | Killed a vile
   339 | D        | Noticed an accursed
   340 | D        | Killed a dread
   340 | D        | Killed a fleshlord
   340 | D        | Killed a meat beast
   341 | D        | Killed a fleshlord
   343 | D        | Noticed a fleshlord
   343 | D        | Noticed a fleshlord
   343 | D        | Noticed a meat beast
   343 | D        | Killed a fleshlord
   343 | D        | Killed a meat beast
   344 | D        | Noticed a vile
   344 | D        | Killed a meat beast
   345 | D        | Noticed a destroyer
   345 | D        | Killed a fleshlord
   346 | D        | Noticed a meat beast
   346 | D        | Killed a vile
   347 | D        | Noticed an accursed
   348 | D        | Killed a meat beast
   351 | D        | Noticed a fleshlord
   351 | D        | Killed a destroyer
   351 | D        | Killed a destroyer
   352 | D        | Killed a fleshlord
   353 | D        | Killed a vile
   354 | D        | Killed a meat beast
   357 | D        | Noticed a large bag of meat
   357 | D        | Noticed a tyrant
   357 | D        | Noticed a fleshlord
   357 | D        | Noticed a vile
   357 | D        | Noticed a meat beast
   357 | D        | Noticed a destroyer
   357 | D        | Noticed a dread
   357 | D        | Noticed a fleshlord
   357 | D        | Noticed a vile
   357 | D        | Noticed a vile
   357 | D        | Noticed a vile
   357 | D        | Noticed a meat beast
   358 | D        | Noticed a vile
   358 | D        | Noticed a vile
   358 | D        | Noticed an accursed
   358 | D        | Noticed a fleshlord
   358 | D        | Noticed a fleshlord
   358 | D        | Noticed a dread
   358 | D        | Noticed a vile
   358 | D        | Killed a fleshlord
   359 | D        | Noticed a dread
   359 | D        | Noticed a dread
   359 | D        | Killed a meat beast
   359 | D        | Killed a meat beast
   359 | D        | Killed a vile
   359 | D        | Annihilated by a fleshlord

Skill      XL: |  1  2  3  4  5  6  7  8  9 10 11 12 13 14 15 16 17 18 19 20 21 22 |
---------------+-------------------------------------------------------------------+-----
Fighting       | 11 14 15 17 20 23 27 | 27.0
Axes           | 4 7 9 10 16 20 25 27 | 27.0
Throwing       | 9 10 22 27 | 27.0
Dodging        | 16 20 22 24 27 | 27.0
Unarmed Combat | 17 19 27 | 27.0
Armour         | 1 2 7 11 13 24 27 | 27.0
Stealth        | 20 27 | 27.0
Invocations    | 19 27 | 27.0
Spellcasting   | 27 | 27.0

Action                   |  1- 3 |  4- 6 |  7- 9 | 10-12 | 13-15 | 16-18 | 19-21 | 22-24 | 25-27 || total
-------------------------+-------+-------+-------+-------+-------+-------+-------+-------+-------++-------
Melee: Executioner's axe |     1 |       |       |     1 |     2 |     1 |     3 |     4 |    45 ||    57
 Abil: Dig               |     1 |       |       |       |       |       |     1 |     1 |     7 ||    10
  Use: Potion            |       |       |       |       |       |       |       |       |     2 ||     2
Dodge: Dodged            |       |       |       |       |     1 |     1 |     1 |     2 |    13 ||    18
